AoeStats
← lukas.reiter177

Arabia

510131719Analyzed
1v1 RM · 2d ago on Sep 29, 2026· 42m 30s· 2 players
Game mode
Random Map
Map size
Tiny (2 player)
Population
200
Speed
Normal
Resources
Standard
Victory
Conquest
Starting age
Dark Age
Ending age
Imperial Age
RankedLock teamsTeams togetherTeam positionsShared explorationLock speedFull tech treeHidden civsTurbo modeCheats
Victory
Defeat
🇲🇽 Franks · Mexico
1181
+17
🇦🇹 Japanese · Austria
1193
-17
DS_Sir Rubio MX
6:15 Loom
8:58 Feudal Age
13:24 Double-Bit Axe
19:41 Wheelbarrow
22:02 Castle Age
20:41 Forging
20:38 Scale Barding Armor
21:52 Gold Mining
23:19 Bow Saw
23:06 Fletching
23:55 Iron Casting
26:45 Hand Cart
27:28 Husbandry
29:11 Town Watch
32:49 Chain Barding Armor
32:43 Stone Mining
37:52 Imperial Age
38:08 Fletching
37:55 Cavalier
38:57 Town Patrol
39:35 Gold Shaft Mining
39:01 Bodkin Arrow
41:29 Blast Furnace
41:41 Chemistry
lukas.reiter177
9:41 Feudal Age
9:49 Man-at-Arms
10:29 Double-Bit Axe
10:44 Loom
11:50 Horse Collar
15:21 Arson
22:01 Castle Age
20:14 Forging
19:58 Gold Mining
22:14 Fletching
22:08 Long Swordsman
23:26 Bow Saw
24:04 Gold Shaft Mining
26:39 Thumb Ring
27:16 Bodkin Arrow
30:47 Wheelbarrow
32:09 Bloodlines
32:22 Husbandry
33:34 Heavy Plow
36:01 Hand Cart
40:53 Imperial Age
38:58 Ballistics
39:18 Stone Mining
40:38 Padded Archer Armor
41:14 Heavy Cavalry Archer
42:58 Chemistry
Connection lost

Rejoining the realm…

Still unreachable

The connection could not be restored.

Session expired

The server has moved on; the page needs a fresh start.